 Dungeon Crawl Stone Soup version 0.21.0-24-g2553a33 (webtiles) character file.

198 tidbits the Charmwright (level 5, 0/43 HPs)
             Began as a Gnoll Skald on Jan 21, 2018.
             Slain by a gnoll (1 damage)
             ... on level 4 of the Dungeon.
             The game lasted 00:08:16 (800 turns).

tidbits the Charmwright (Gnoll Skald)                Turns: 800, Time: 00:08:17

Health: 0/43       AC:  5    Str: 19    XL:     5   Next: 76%
Magic:  0/12       EV: 20    Int: 16    God:
Gold:   166        SH:  0    Dex: 19    Spells: 3/14 levels left

rFire    . . .     SeeInvis .   a - +0 hand axe
rCold    . . .     Gourm    .   (no shield)
rNeg     . . .     Faith    .   b - +1 leather armour
rPois    .         Spirit   .   E - +0 helmet
rElec    .         Reflect  .   (no cloak)
rCorr    .         Harm     .   (no gloves)
MR       .....                  (no boots)
Stlth    +++.......             (no amulet)
HPRegen  0.14/turn              (no ring)
MPRegen  0.13/turn              (no ring)

@: mighty, agile, lethally poisoned (0 -> -11), infused
A: distributed training, fangs 1, strong nose
a: no special abilities


You were on level 4 of the Dungeon.
You were full.

You visited 1 branch of the dungeon, and saw 4 of its levels.

You collected 166 gold pieces.

Inventory:

Hand Weapons
 a - a +0 hand axe (weapon)
 o - a +0 dagger
Missiles
 j - 6 curare-tipped needles
 p - 8 tomahawks of returning (quivered)
Armour
 b - a +1 leather armour (worn)
 m - a +0 ring mail
 E - a +0 helmet (worn)
Jewellery
 g - an uncursed ring of fire
   (You found it on level 2 of the Dungeon)
 k - an uncursed amulet of guardian spirit
   (You found it on level 3 of the Dungeon)
Wands
 n - a wand of disintegration (7)
 s - a wand of polymorph (19)
Scrolls
 i - 2 scrolls of enchant armour
 q - a scroll of immolation
Potions
 d - a potion of lignification
 e - 3 potions of flight
 l - a potion of magic
Books
 c - a book of Battle

   Spells                             Type                      Level
   a - Infusion                       Charms                       1
   b - Shroud of Golubria             Charms/Translocation         2
   c - Song of Slaying                Charms                       2
   d - Spectral Weapon                Hexes/Charms                 3
   e - Regeneration                   Charms/Necromancy            3
Comestibles
 r - 4 rations


   Skills:
 + Level 4.8 Fighting
 + Level 1.6 Short Blades
 + Level 1.6 Long Blades
 + Level 4.8 Axes
 + Level 1.6 Maces & Flails
 + Level 1.6 Polearms
 + Level 1.6 Staves
 + Level 1.6 Slings
 + Level 1.6 Bows
 + Level 1.6 Crossbows
 + Level 1.6 Throwing
 + Level 3.0 Armour
 + Level 4.8 Dodging
 + Level 1.6 Stealth
 + Level 1.6 Shields
 + Level 1.6 Unarmed Combat
 + Level 5.2 Spellcasting
 + Level 1.2 Conjurations
 + Level 1.2 Hexes
 + Level 5.5 Charms
 + Level 1.2 Summonings
 + Level 1.2 Necromancy
 + Level 1.2 Translocations
 + Level 1.2 Transmutations
 + Level 1.2 Fire Magic
 + Level 1.2 Ice Magic
 + Level 1.2 Air Magic
 + Level 1.2 Earth Magic
 + Level 1.2 Poison Magic
 + Level 1.8 Invocations
 + Level 1.6 Evocations


You had 3 spell levels left.
You knew the following spells:

 Your Spells              Type           Power        Failure   Level  Hunger
g - Shroud of Golubria    Chrm/Tloc      ###.......   6%          2    #......
i - Infusion              Chrm           ###.         1%          1    None
r - Regeneration          Chrm/Necr      ###.......   13%         3    ###....
w - Spectral Weapon       Hex/Chrm       ###.....     13%         3    ###....
y - Song of Slaying       Chrm           ###.....     2%          2    #......


Dungeon Overview and Level Annotations

Branches:
Dungeon (4/15)
 Temple: D:4-7

Altars:
Uskayaw


Innate Abilities, Weirdness & Mutations

Your experience applies equally to all skills.
You have very sharp teeth.
Your uncanny sense of smell can sniff out nearby items.


Message History

Your spectral weapon hits the worker ant.
The worker ant bites your spectral weapon.
Your spectral weapon shares its damage with you!
* * * LOW HITPOINT WARNING * * *
You hit the worker ant but do no damage.
The worker ant is severely wounded.
Your spectral weapon hits the worker ant.
You kill the worker ant!
A dart slug comes into view.
Your skin stops crawling.
You feel sick.
You see here a worker ant corpse.
Found a stone staircase leading down.
You see here 8 tomahawks of returning.
p - 8 tomahawks of returning You feel sick.
Throwing (i - inventory):
p - 8 tomahawks of returning (quivered)
Press: ? - help, Shift-Dir - straight line, f - dart slug
Aim: a dart slug You throw a tomahawk of returning.
The tomahawk of returning hits the dart slug.
The dart slug is moderately wounded.
The tomahawk of returning fails to return to your pack!
The dart slug launches a dart at you. The slug dart hits you!
* * * LOW HITPOINT WARNING * * *
Throwing (i - inventory):
p - 7 tomahawks of returning (quivered)
Press: ? - help, Shift-Dir - straight line, f/p - dart slug
Aim: a dart slug (moderately wounded)
You throw a tomahawk of returning.
The tomahawk of returning hits the dart slug.
The dart slug is heavily wounded.
The tomahawk of returning returns to your pack!
Throwing (i - inventory):
p - 7 tomahawks of returning (quivered)
Press: ? - help, Shift-Dir - straight line, f/p - dart slug
Aim: a dart slug (heavily wounded)
You throw a tomahawk of returning.
The tomahawk of returning hits the dart slug.
You kill the dart slug!
The tomahawk of returning fails to return to your pack!
You feel sick.
A gnoll comes into view. It is wielding a halberd of venom.
A gnoll shaman comes into view. It is wielding a club.
You feel sick.
The gnoll shaman shouts!
The gnoll shouts! 3 gnolls come into view.
A gnoll is wielding a whip of draining.
Things that are here:
a tomahawk of returning; a dart slug corpse
p - 7 tomahawks of returning (gained 1)
The gnoll shouts! x2
You see here a tomahawk of returning.
p - 8 tomahawks of returning (gained 1) Unknown command.
It was a potion of might.
You feel very mighty all of a sudden.
You feel sick. The gnoll completely misses you.
The gnoll shaman calls upon its god to speed up the gnoll.
The gnoll seems to speed up.
The gnoll barely misses you. The gnoll shaman closely misses you.
Unknown command.
You barely miss the gnoll. You closely miss the gnoll shaman.
Your spectral weapon fades away.
The gnoll hits you but does no damage.
You are more poisoned.
The gnoll hits you but does no damage.
You are lethally poisoned!
Unknown command.
You feel agile all of a sudden.
* * * LOW HITPOINT WARNING * * *
You feel sick. The gnoll closely misses you.
The gnoll hits you but does no damage. The gnoll completely misses you.
The gnoll shaman misses you.
Unknown command.
Okay, then.
You hit the gnoll!
The gnoll is heavily wounded.
Your leather armour prevents you from hitting the gnoll.
You barely miss the gnoll. You hit the gnoll shaman.
You closely miss the gnoll.
* * * LOW HITPOINT WARNING * * *
You feel sick.
The gnoll closely misses you. x2; The gnoll misses you. x2
The gnoll shaman misses you.
Unknown command.
You slash the gnoll!
You kill the gnoll!
You hit the gnoll but do no damage. You hit the gnoll.
You hit the gnoll shaman. You slash the gnoll!
* * * LOW HITPOINT WARNING * * *
You feel sick. The gnoll misses you. The gnoll hits you.
* * * LOW HITPOINT WARNING * * *
The gnoll misses you. The gnoll shaman completely misses you.
Unknown command.
You slash the gnoll!
The gnoll is almost dead.
You hit the gnoll. You barely miss the gnoll.
You closely miss the gnoll shaman.
* * * LOW HITPOINT WARNING * * *
You feel sick. The gnoll closely misses you. The gnoll hits you.
You die...

.
#..........##
#
##...........#
#.............
#.....†(.....#
#............#
#.............
#.............
#....†........
#....g@g......
#....gg).?....
#.............
#........>....
##............
##..........#
##.........#
###......##


You could see a gnoll shaman and 3 gnolls.

Vanquished Creatures
  An orc priest (D:3)
  An iguana (D:4)
  2 worker ants (D:4)
  Robin (D:3)
  A gnoll (D:4)
  An adder (D:3)
  An ooze (D:3)
  2 worms
  A dart slug (D:4)
  A leopard gecko (D:2)
  5 orcs
  A giant cockroach (D:3)
  13 goblins
  7 hobgoblins
  3 jackals (D:3)
  2 kobolds (D:3)
  3 rats
46 creatures vanquished.

Vanquished Creatures (others)
  A spectral weapon (D:4)
1 creature vanquished.

Grand Total: 47 creatures vanquished

Notes
Turn   | Place    | Note
-------+----------+-------------------------------------------
     0 | D:1      | tidbits the Gnoll Skald began the quest for the Orb.
     0 | D:1      | Reached XP level 1. HP: 20/20 MP: 6/6
    65 | D:2      | Noticed a hand axe
    69 | D:2      | Noticed an enchanted dagger
   111 | D:2      | Reached XP level 2. HP: 6/26 MP: 1/7
   144 | D:2      | Learned a level 2 spell: Song of Slaying
   147 | D:2      | Learned a level 2 spell: Shroud of Golubria
   151 | D:2      | Found a hide-covered altar of Uskayaw.
   220 | D:3      | Reached skill level 5 in Spellcasting
   220 | D:3      | Reached skill level 1 in Invocations
   220 | D:3      | Reached XP level 3. HP: 17/31 MP: 4/9
   231 | D:2      | Learned a level 3 spell: Regeneration
   236 | D:2      | Learned a level 3 spell: Spectral Weapon
   307 | D:3      | Reached skill level 1 in Short Blades
   307 | D:3      | Reached skill level 1 in Long Blades
   307 | D:3      | Reached skill level 1 in Maces & Flails
   307 | D:3      | Reached skill level 1 in Polearms
   307 | D:3      | Reached skill level 1 in Staves
   307 | D:3      | Reached skill level 1 in Slings
   307 | D:3      | Reached skill level 1 in Bows
   307 | D:3      | Reached skill level 1 in Crossbows
   307 | D:3      | Reached skill level 1 in Throwing
   307 | D:3      | Reached skill level 1 in Stealth
   307 | D:3      | Reached skill level 1 in Shields
   307 | D:3      | Reached skill level 1 in Unarmed Combat
   307 | D:3      | Reached skill level 1 in Evocations
   307 | D:3      | Reached XP level 4. HP: 38/38 MP: 0/11
   409 | D:3      | Noticed Robin
   441 | D:3      | Killed Robin
   441 | D:3      | Reached skill level 1 in Conjurations
   441 | D:3      | Reached skill level 1 in Hexes
   441 | D:3      | Reached skill level 1 in Summonings
   441 | D:3      | Reached skill level 1 in Necromancy
   441 | D:3      | Reached skill level 1 in Translocations
   441 | D:3      | Reached skill level 1 in Transmutations
   441 | D:3      | Reached skill level 1 in Fire Magic
   441 | D:3      | Reached skill level 1 in Ice Magic
   441 | D:3      | Reached skill level 1 in Air Magic
   441 | D:3      | Reached skill level 1 in Earth Magic
   441 | D:3      | Reached skill level 1 in Poison Magic
   526 | D:4      | Noticed an ogre
   713 | D:4      | Reached XP level 5. HP: 37/43 MP: 2/12
   772 | D:4      | Reached skill level 3 in Armour
   799 | D:4      | HP: 3/43 [gnoll (6)]
   800 | D:4      | HP: 1/43 [poisoned by a gnoll]
   800 | D:4      | Slain by a gnoll

Skill      XL: |  1  2  3  4  5 |
---------------+----------------+-----
Spellcasting   | 5 |  5.2
Invocations    | 1 |  1.8
Short Blades   | 1 |  1.6
Long Blades    | 1 |  1.6
Maces & Flails | 1 |  1.6
Polearms       | 1 |  1.6
Staves         | 1 |  1.6
Slings         | 1 |  1.6
Bows           | 1 |  1.6
Crossbows      | 1 |  1.6
Throwing       | 1 |  1.6
Stealth        | 1 |  1.6
Shields        | 1 |  1.6
Unarmed Combat | 1 |  1.6
Evocations     | 1 |  1.6
Conjurations   | 1 |  1.2
Hexes          | 1 |  1.2
Summonings     | 1 |  1.2
Necromancy     | 1 |  1.2
Translocations | 1 |  1.2
Transmutations | 1 |  1.2
Fire Magic     | 1 |  1.2
Ice Magic      | 1 |  1.2
Air Magic      | 1 |  1.2
Earth Magic    | 1 |  1.2
Poison Magic   | 1 |  1.2
Armour         | 3 |  3.0
Fighting       | |  4.8
Axes           | |  4.8
Dodging        | |  4.8
Charms         | |  5.5

Action                   |  1- 3 |  4- 6 || total
-------------------------+-------+-------++-------
Melee: Hand axe          |    45 |    63 ||   108
       Bite              |     3 |     9 ||    12
Throw: Tomahawk          |       |     3 ||     3
 Cast: Infusion          |     7 |     3 ||    10
       Spectral Weapon   |     1 |     9 ||    10
       Regeneration      |     1 |     4 ||     5
Evoke: Wand              |       |     2 ||     2
  Use: Scroll            |     4 |     5 ||     9
       Potion            |       |     3 ||     3
 Stab: Distracted        |     1 |     1 ||     2
       Sleeping          |       |     1 ||     1
  Eat: Ration            |       |     2 ||     2
Armor: Leather armour    |     4 |     9 ||    13
Dodge: Dodged            |    25 |    46 ||    71

Table legend:
 A = Turns spent in this place as a percentage of turns spent in the entire game.
 B = Non-inter-level travel turns spent in this place as a percentage of non-inter-level travel turns spent in the entire game.
 C = Inter-level travel turns spent in this place as a percentage of turns spent in this place.
 D = Turns resting spent in this place as a percentage of non-inter-level travel turns spent in this place.
 E = Turns spent auto-exploring this place as a percentage of non-inter-level travel turns spent in this place.
 F = Non-inter-level travel turns spent in this place divided by the number of levels of this place that you've seen.
                   A       B       C       D       E      F
               +-------+-------+-------+-------+-------+----------------------
         Total | 100.0 | 100.0 |   7.5 |   0.0 |   0.0 | 185.0
       Dungeon | 100.0 | 100.0 |   7.5 |   0.0 |   0.0 | 185.0
               +-------+-------+-------+-------+-------+----------------------

Table legend:
 A = Kills in this place as a percentage of kills in entire the game.
 B = Kills by you in this place as a percentage of kills by you in the entire game.
 C = Kills by friends in this place as a percentage of kills by friends in the entire game.
 D = Other kills in this place as a percentage of other kills in the entire game.
 E = Experience gained in this place as a percentage of experience gained in the entire game.
 F = Experience gained in this place divided by the number of levels of this place that you have seen.
                   A       B       C       D       E      F
               +-------+-------+-------+-------+-------+----------------------
         Total | 100.0 | 100.0 |   N/A |   N/A | 100.0 |  70.8
       Dungeon | 100.0 | 100.0 |   N/A |   N/A | 100.0 |  70.8
               +-------+-------+-------+-------+-------+----------------------

Vault maps used:
D:1:      dpeg_arrival_renting, corexii_item_surrounded_by_moat
D:2:      dancing_weapons_uskayaw, first_ration
D:3:      tso_altar, uniq_robin
D:4:      overflow_temple_1_default, corexii_hall_statues_u
